 Dungeon Crawl Stone Soup version 0.29.1-13-g9f3cf754e1 (webtiles) character file.

Game seed: 4708175145712595081

8 DoIIoM the Caller (level 2, -2/18 HPs)
             Began as an Octopode Summoner on Jan 19, 2023.
             Slain by a jackal (3 damage)
             ... on level 1 of the Dungeon.
             The game lasted 00:00:31 (280 turns).

DoIIoM the Caller (Octopode Summoner)                Turns: 280, Time: 00:00:32

Health: -2/18      AC:  1    Str:  7    XL:     2   Next: 8%
Magic:  4/5        EV: 13    Int: 17    God:
Gold:   7          SH:  0    Dex: 12    Spells: 2/5 levels left

rFire   . . .      SeeInvis .   b - +0 long sword
rCold   . . .      Faith    .   (no shield)
rNeg    . . .      Spirit   .   (helmet restricted)
rPois   .          Reflect  .   (no amulet)
rElec   .          Harm     .   (no ring)
rCorr   .          Rampage  .   (no ring)
Will    .....                   (no ring)
Stlth   +++.......              (no ring)
HPRegen 0.06/turn               (no ring)
MPRegen 0.09/turn               (no ring)
                                (no ring)
                                (no ring)

@: no status effects
A: almost no armour, amphibious, 8 rings, camouflage 1, gelatinous body 1,
(nimble swimmer 1), tentacles
a: no special abilities


You were on level 1 of the Dungeon.
You visited 1 branch of the dungeon, and saw 1 of its levels.

You collected 7 gold pieces.

Inventory:

Hand Weapons
 b - a +0 long sword (weapon)
Scrolls
 c - a scroll of teleportation {unknown}
Potions
 a - a potion of magic


   Skills:
 + Level 0.5 Fighting
 - Level 2.0 Dodging
 + Level 3.0 Stealth
 + Level 2.1 Spellcasting
 + Level 4.1 Summonings


You had 2 spell levels left.
You knew the following spells:

 Your Spells              Type           Power      Damage    Failure   Level
a - Summon Small Mammal   Summ           60%        N/A       3%          1
b - Call Imp              Summ           15%        N/A       5%          2

Your spell library contained the following spells:

 Spells                   Type           Power      Damage    Failure   Level
 Call Canine Familiar     Summ           15%        N/A       11%         3
 Summon Guardian Golem    Hex/Summ       8%         N/A       24%         3
 Summon Lightning Spire   Summ/Air       8%         N/A       63%         4


Dungeon Overview and Level Annotations

Branches:
Dungeon (1/15)

Altars:


Innate Abilities, Weirdness & Mutations

You cannot wear most types of armour.
You are amphibious.
You can wear up to eight rings at the same time.
Your skin changes colour to match your surroundings (Stealth+).
Your rubbery body absorbs attacks. (AC +1, EV +1)
((You are camouflaged when in or above water. (Stealth+)))
You have tentacles for arms and can constrict up to eight enemies at once.


Message History

A goblin is nearby!
A goblin is nearby! 2 jackals come into view.
A jackal comes into view.
The jackal barks! x2
A jackal comes into view.
The jackal barks!
You closely miss the goblin. Your grab misses the goblin.
The goblin hits you with a +0 club.
You hit the goblin. You grab the goblin.
The goblin is moderately wounded.
You constrict the goblin. The goblin closely misses you.
The jackal completely misses you. The goblin barely misses you.
You hit the goblin but do no damage. You squeeze the goblin.
You kill the goblin!
The jackal bites you. x2
You closely miss the jackal. Your grab misses the jackal.
Your squeeze misses the jackal. The jackal completely misses you.
The jackal closely misses you. The jackal bites you.
The jackal barely misses you.
The jackal splashes around in the water.
Unknown command.
Casting: Summon Small Mammal (safe; 3% risk of failure)
Confirm with . or Enter, or press ? or * to list all spells.
The jackal bites you. x3
* * * LOW HITPOINT WARNING * * *
The jackal bites you but does no damage. x2
The jackal closely misses you.
Unknown command.
You swap places.
The jackal misses you. The jackal bites your rat.
Your rat dies!
Your rat's corpse disappears in a puff of smoke!
The jackal bites you.
* * * LOW HITPOINT WARNING * * *
Unknown command.
You closely miss the jackal. You grab the jackal. You constrict the jackal.
The jackal bites you.
* * * LOW HITPOINT WARNING * * *
The jackal bites you.
You die...

##......#########
#..~..~..~....~~########
....~.~.≈..~~..........#
.....~~~~~~≈~~..[......#
....~≈≈≈~~≈~≈≈≈.>......#
.....≈≈≈≈~~~≈≈.........#
.....~≈≈♣♣.~~≈!~.......#
..#~~~≈≈♣_~~≈~≈........#
...~~≈≈≈♣♣~≈≈~.h@......#
....≈≈≈≈≈≈≈≈≈≈~hh#######
....~~≈≈≈≈≈≈≈≈≈)h#
..)~.~≈~~≈≈≈≈≈~$.#
.......~.[≈~~~.~..
~~.~.~.~...#.
.#........### #......#.#
#...... .#


You could see 4 jackals.

Vanquished Creatures
  An endoplasm (D:1)
  A giant cockroach (D:1)
  A goblin (D:1)
  A hobgoblin (D:1)
  A bat (D:1)
  A kobold (D:1)
  A rat (D:1)
7 creatures vanquished.

Vanquished Creatures (collateral kills)
  A kobold (D:1)
1 creature vanquished.

Grand Total: 8 creatures vanquished

Notes
Turn   | Place    | Note
-------+----------+-------------------------------------------
     0 | D:1      | DoIIoM the Octopode Summoner began the quest for the Orb.
     0 | D:1      | Reached XP level 1. HP: 11/11 MP: 3/3
   217 | D:1      | Reached XP level 2. HP: 18/18 MP: 5/5
   254 | D:1      | Learned a level 2 spell: Call Imp
   267 | D:1      | Found a faded altar of an unknown god.
   280 | D:1      | Slain by a jackal

Illustrated notes

Levels and vault maps discovered:
D:1:      saegor_arrival_simple_e, layout_basic,
          chequers_ecumenical_altar_island

Skill      XL: |  1 |
---------------+----+-----
Stealth        | 3 |  3.0
Fighting       | |  0.5
Dodging        | |  2.0
Spellcasting   | |  2.1
Summonings     | |  4.1

Action                   || total
-------------------------++-------
Melee: Long sword        ||    12
       Unarmed           ||     3
       Constrict         ||     4
       Tentacles         ||     3
 Cast: Summon Small Mamm ||     2
 Stab: Sleeping          ||     3
Armor: Skin              ||     2
Dodge: Dodged            ||    13
